 Dungeon Crawl Stone Soup version 0.23-a0-171-g5ae17c6e89 (webtiles) character file.

595 Holzbalken the Cudgeler (level 7, -2/50 HPs)
             Began as a Demonspawn Gladiator on Sept 14, 2018.
             Killed from afar by an orc wizard (4 damage)
             ... with a puff of flame
             ... on level 4 of the Dungeon.
             The game lasted 00:12:56 (4520 turns).

Holzbalken the Cudgeler (Demonspawn Gladiator)      Turns: 4520, Time: 00:12:57

Health: -2/50      AC: 10    Str: 12 (15) XL:     7   Next: 16%
Magic:  7/7        EV: 12    Int:  6 (9)  God:
Gold:   204        SH:  0    Dex: 14 (16) Spells: 6/6 levels left

rFire    . . .     SeeInvis .   a - +0 flail
rCold    . . .     Gourm    .   (no shield)
rNeg     . . .     Faith    .   j - +4 ring mail
rPois    .         Spirit   .   c - +0 helmet
rElec    .         Reflect  .   (no cloak)
rCorr    .         Harm     .   (no gloves)
MR       .....                  (no boots)
Stlth    +.........             (no amulet)
HPRegen  0.16/turn              (no ring)
MPRegen  0.10/turn              (no ring)

@: hasted, very quick
A: talons 1, powered by death 1, sturdy frame 1
a: no special abilities


You were on level 4 of the Dungeon.
You were not hungry.

You visited 1 branch of the dungeon, and saw 5 of its levels.

You collected 204 gold pieces.

Inventory:

Hand Weapons
 a - a +0 flail (weapon)
Missiles
 d - 3 throwing nets (quivered)
 q - 2 tomahawks
Armour
 b - a +0 leather armour
 c - a +0 helmet (worn)
 j - a +4 ring mail (worn)
Jewellery
 g - an uncursed ring of magical power {unknown}
 v - an uncursed ring of stealth {unknown}
Wands
 p - a wand of iceblast (10)
Scrolls
 e - 3 scrolls of remove curse
 i - 5 scrolls of identify
 k - 6 scrolls of teleportation
 m - a scroll of amnesia {unknown}
 o - a scroll of enchant armour
 r - a scroll of blinking
Potions
 h - 2 potions of degeneration
 n - a potion of flight
 t - a potion of might {unknown}
 w - a potion of invisibility {unknown}
Comestibles
 f - 9 rations


   Skills:
 - Level 2.0 Fighting
 + Level 7.6 Maces & Flails
 - Level 1.7 Throwing
 - Level 2.6 Dodging


You had 6 spell levels left.
You didn't know any spells.
Your spell library was empty.

Dungeon Overview and Level Annotations

Branches:
Dungeon (5/15)
 Temple: D:4-7

Altars:
Hepliaklqana
Nemelex Xobeh
Wu Jian

Shops:
D:4 (


Innate Abilities, Weirdness & Mutations

You have sharp toenails.
You regenerate a little health from kills.
Your movements are slightly less encumbered by armour. (ER -2)


Message History

Beogh smites you!
* * * LOW HITPOINT WARNING * * *
There is a stone staircase leading up here.
You can't go down here!
The orc wizard hits you but does no damage.
The orc wizard gestures at you while chanting.
The puff of frost hits you!
* * * LOW HITPOINT WARNING * * *
The orc wizard hits you but does no damage.
You climb upwards.
There is a stone staircase leading down here.
It was a potion of degeneration.
There was something very wrong with that liquid.
You feel weakened.
You feel dopey.
You feel clumsy.
The orc wizard hits you but does no damage.
The orc barely misses you.
It was a potion of haste.
You feel yourself speed up. The orc wizard casts a spell at you.
The puff of flame hits you!
You die...

#.# #.................. #.#
#.#...........#.... #.#
#.###.#######.##... #.###.#
#.#######.###..
#..##.###.#.......# ##.
##.##.##..#.####### #.
#.##.##....# ###.
#.##.#...##########...
#....@o.....>.......#.
##########o..#############..
####......###...#############..
#...............#.....^.......#
#.##.#.#.#.#.#.#..#########...#
#.##..............# ##.###
#.#.#.#.#.#.#.#.#.########..###
#.#...............##...........
##..#.#.#.#.#.#.#.#..........###


You could see an orc wizard and an orc.

Vanquished Creatures
  2 scorpions (D:4)
  2 howler monkeys (D:4)
  A bullfrog skeleton (D:4)
  2 orc wizards
  2 centaur skeletons (D:4)
  2 iguanas (D:4)
  8 adders
  A shadow imp (D:4)
  2 oozes
  An adder skeleton (D:4)
  2 worms
  6 dart slugs
  5 leopard geckos
  13 orcs
  A ball python (D:3)
  8 bats
  5 giant cockroaches
  11 goblins
  9 hobgoblins
  7 jackals
  A quokka (D:2)
  6 frilled lizards
  10 kobolds
  8 rats
115 creatures vanquished.

Notes
Turn   | Place    | Note
-------+----------+-------------------------------------------
     0 | D:1      | Holzbalken the Demonspawn Gladiator began the quest for the
                  | Orb.
     0 | D:1      | Reached XP level 1. HP: 16/16 MP: 1/1
    66 | D:1      | Reached skill level 3 in Maces & Flails
   354 | D:1      | Gained mutation: Your movements are slightly less
                  | encumbered by armour. (ER -2) [demonic ancestry]
   354 | D:1      | Reached XP level 2. HP: 22/22 MP: 2/2
   545 | D:1      | Reached XP level 3. HP: 27/27 MP: 3/3
   596 | D:1      | Reached skill level 4 in Maces & Flails
  1212 | D:2      | Reached XP level 4. HP: 21/33 MP: 4/4
  1446 | D:2      | Found an ornate altar of the Wu Jian Council.
  1861 | D:3      | Reached skill level 5 in Maces & Flails
  1881 | D:3      | Found a faded altar of an unknown god.
  1920 | D:3      | Gained mutation: You have sharp toenails. [demonic
                  | ancestry]
  1920 | D:3      | Reached XP level 5. HP: 30/38 MP: 5/5
  2341 | D:3      | Found a hazy altar of Hepliaklqana.
  2893 | D:4      | Reached skill level 6 in Maces & Flails
  2899 | D:4      | Gained mutation: You regenerate a little health from kills.
                  | [demonic ancestry]
  2899 | D:4      | Reached XP level 6. HP: 26/44 MP: 6/6
  2915 | D:4      | HP: 2/44 [something/puff of flame (11)]
  3300 | D:4      | Found a sparkling altar of Nemelex Xobeh.
  3377 | D:4      | Reached skill level 7 in Maces & Flails
  3406 | D:4      | HP: 2/44 [worm (7)]
  3692 | D:4      | Reached XP level 7. HP: 37/50 MP: 7/7
  4153 | D:4      | Found Ynerhyaq's Antique Weapon Shoppe.
  4219 | D:5      | Entered Level 5 of the Dungeon
  4517 | D:5      | HP: 1/50 [orc wizard/puff of frost (5)]
  4520 | D:4      | Killed from afar by an orc wizard

Vault maps used:
D:1:      dpeg_arrival_boxes_within_box
D:2:      nicolae_overflow_crystal_walls, grunt_decor_one_mirror
D:3:      corexii_shack_village, nicolae_overflow_hidden_temple,
          chequers_ecumenical_altar_island, kennysheep_generic_room_4
D:4:      serial_shops, nicolae_shop_waterfront, abandoned_shop, hex_large,
          minmay_misc_feat_enclosed, nemelex_spade_bored_becter
D:5:      first_ration, uniq_edmund

Skill      XL: |  1  2  3  4  5  6 |
---------------+-------------------+-----
Maces & Flails | 3 4 5 6 7 |  7.6
Fighting       | |  2.0
Throwing       | |  1.7
Dodging        | |  2.6

Action                   |  1- 3 |  4- 6 |  7- 9 || total
-------------------------+-------+-------+-------++-------
Melee: Flail             |   117 |   202 |    23 ||   342
       Kick              |       |    43 |     3 ||    46
  Use: Scroll            |       |     8 |       ||     8
       Potion            |       |     2 |     2 ||     4
  Eat: Chunk             |     1 |     7 |       ||     8
       Ration            |       |     1 |       ||     1
Armor: Ring mail         |    53 |    61 |    14 ||   128
       Leather armour    |     2 |       |       ||     2
Dodge: Dodged            |   131 |   106 |    16 ||   253

Table legend:
 A = Non-vault XP
 B = Vault XP
 C = Vault XP percentage of total XP
 D = Non-vault monster count
 E = Vault monster count
 F = Vault count percentage of total count
                 A         B        C        D         E       F
            +---------+---------+-------+---------+---------+-------
      Total |     831 |      19 |   2.2 |     106 |       9 |   7.8
            +---------+---------+-------+---------+---------+-------
        D:1 |      65 |       0 |   0.0 |      31 |       0 |   0.0
        D:2 |      66 |       0 |   0.0 |      24 |       0 |   0.0
        D:3 |     119 |      19 |  13.8 |      26 |       9 |  25.7
        D:4 |     555 |       0 |   0.0 |      23 |       0 |   0.0
        D:5 |      26 |       0 |   0.0 |       2 |       0 |   0.0
            +---------+---------+-------+---------+---------+-------
